3AA
WESTWOOD SIXSHOOTERS @ SPRINGFIELD SHOOTERS
08/24/2025
 
TOP OF THE 1ST
Westwood Sixshooters batting - Pitching for Springfield Shooters : RHP Roy Gartner
Pitching: RHP Roy Gartner
Batting: LHB Orlando López 0-0: Called Strike
0-1: Called Strike
0-2: Ball
1-2: Ball
2-2: Ground out 4-3 (Groundball, 34)
Batting: RHB Nick Hoskins 0-0: Ball
1-0: Ball
2-0: Called Strike
2-1: Called Strike
2-2: Ground out 4-3 (Groundball, 4)
Batting: RHB José Carlos Pérez 0-0: Ball
1-0: Ground out 6-3 (Groundball, 6)
Top of the 1st over - 0 run(s), 0 hit(s), 0 error(s), 0 left on base; Westwood 0 - Springfield 0
BOTTOM OF THE 1ST
Springfield Shooters batting - Pitching for Westwood Sixshooters : RHP José Gutiérrez
Pitching: RHP José Gutiérrez
Batting: LHB John Ennis 0-0: Foul Ball, location: 2F
0-1: Foul Ball, location: 2F
0-2: DOUBLE (Line Drive, 9LM)
Batting: RHB Tripp Donahue 0-0: Ball
1-0: Ball
2-0: Foul Ball, location: 2F
2-1: Ball
3-1: Foul Ball, location: 2F
3-2: Strikes out swinging
Batting: LHB Gabriel Díaz 0-0: Called Strike
0-1: Ball
1-1: SINGLE (Line Drive, 9LM)
John Ennis to third
Batting: RHB Fernando Rivera 0-0: Fly out, F4 (Flyball, 34D)
Batting: LHB José Ruíz 0-0: Called Strike
Gabriel Díaz steals 2nd base
0-1: Called Strike
0-2: Foul Ball, location: 2F
0-2: Fly out, F7 (Flyball, 7S)
Bottom of the 1st over - 0 run(s), 2 hit(s), 0 error(s), 2 left on base; Westwood 0 - Springfield 0
TOP OF THE 2ND
Westwood Sixshooters batting - Pitching for Springfield Shooters : RHP Roy Gartner
Batting: RHB Jesús Vargas 0-0: Ball
1-0: Ball
2-0: Ball
3-0: Called Strike
3-1: Called Strike
3-2: Base on Balls
Batting: LHB Jim Schlossnagle 0-0: Ball
1-0: Foul Ball, location: 2F
1-1: Ball
2-1: Called Strike
2-2: Strikes out swinging
Batting: RHB Nelson Abbey 0-0: Ball
1-0: Called Strike
1-1: Ball
2-1: Foul Ball, location: 2F
2-2: Foul Ball, location: 2F
2-2: Ball
3-2: Strikes out swinging
Batting: SHB Jesús Rodríguez 0-0: Called Strike
0-1: Ball
1-1: Ball
2-1: Foul Ball, location: 2F
2-2: Foul Ball, location: 2F
2-2: Ball
Wild Pitch!
Jesús Vargas to second
3-2: Foul Ball, location: 2F
3-2: Ground out 4-3 (Groundball, 34D)
Top of the 2nd over - 0 run(s), 0 hit(s), 0 error(s), 1 left on base; Westwood 0 - Springfield 0
BOTTOM OF THE 2ND
Springfield Shooters batting - Pitching for Westwood Sixshooters : RHP José Gutiérrez
Batting: RHB Grady Walkinshaw 0-0: Fly out, F9 (Flyball, 9S)
Batting: RHB Frank Crocker 0-0: Swinging Strike
0-1: Ground out 5-3 (Groundball, 56)
Batting: RHB Javier De Jesús 0-0: Called Strike
0-1: Ball
1-1: Ground out 6-3 (Groundball, 6)
Bottom of the 2nd over - 0 run(s), 0 hit(s), 0 error(s), 0 left on base; Westwood 0 - Springfield 0
TOP OF THE 3RD
Westwood Sixshooters batting - Pitching for Springfield Shooters : RHP Roy Gartner
Batting: RHB Leo Shoemaker 0-0: Ball
1-0: Called Strike
1-1: Foul Ball, location: 2F
1-2: Ball
2-2: Foul Ball, location: 2F
2-2: Foul Ball, location: 2F
2-2: Foul Ball, location: 2F
2-2: Foul Ball, location: 2F
2-2: Strikes out swinging
Batting: SHB Ramón García 0-0: Called Strike
0-1: Foul Ball, location: 2F
0-2: Foul Ball, location: 2F
0-2: Foul Ball, location: 2F
0-2: Strikes out swinging
Batting: LHB Orlando López 0-0: Ball
1-0: SINGLE (Line Drive, 4M)
Batting: RHB Nick Hoskins 0-0: Ball
1-0: Fly out, F8 (Flyball, 89S)
Top of the 3rd over - 0 run(s), 1 hit(s), 0 error(s), 1 left on base; Westwood 0 - Springfield 0
BOTTOM OF THE 3RD
Springfield Shooters batting - Pitching for Westwood Sixshooters : RHP José Gutiérrez
Batting: RHB Ty Struck 0-0: Ball
1-0: DOUBLE (Line Drive, 9D)
Batting: LHB John Ennis 0-0: Swinging Strike
0-1: Ball
1-1: Foul Ball, location: 2F
1-2: Strikes out swinging
Batting: RHB Tripp Donahue 0-0: Called Strike
0-1: Foul Ball, location: 2F
0-2: Foul Ball, location: 2F
0-2: Ground out 4-3 (Groundball, 34)
Ty Struck to third
Batting: LHB Gabriel Díaz 0-0: Ball
1-0: Fly out, F8 (Flyball, 8RM)
Bottom of the 3rd over - 0 run(s), 1 hit(s), 0 error(s), 1 left on base; Westwood 0 - Springfield 0
TOP OF THE 4TH
Westwood Sixshooters batting - Pitching for Springfield Shooters : RHP Roy Gartner
Batting: RHB José Carlos Pérez 0-0: Fly out, F8 (Flyball, 8RM)
Batting: RHB Jesús Vargas 0-0: Called Strike
0-1: Ball
1-1: Ground out 5-3 (Groundball, 56S)
Batting: LHB Jim Schlossnagle 0-0: Called Strike
0-1: Ball
1-1: Foul Ball, location: 2F
1-2: Ground out U3 (Groundball, 3L)
Top of the 4th over - 0 run(s), 0 hit(s), 0 error(s), 0 left on base; Westwood 0 - Springfield 0
BOTTOM OF THE 4TH
Springfield Shooters batting - Pitching for Westwood Sixshooters : RHP José Gutiérrez
Batting: RHB Fernando Rivera 0-0: Ball
1-0: Ball
2-0: Fly out, F7 (Flyball, 78S)
Batting: LHB José Ruíz 0-0: Ball
1-0: Called Strike
1-1: Ball
2-1: Foul Ball, location: 2F
2-2: Ball
3-2: Foul Ball, location: 2F
3-2: Foul Ball, location: 2F
3-2: Foul Ball, location: 2F
3-2: Foul Ball, location: 2F
3-2: Strikes out looking
Batting: RHB Grady Walkinshaw 0-0: Swinging Strike
0-1: Swinging Strike
0-2: Strikes out swinging
Bottom of the 4th over - 0 run(s), 0 hit(s), 0 error(s), 0 left on base; Westwood 0 - Springfield 0
TOP OF THE 5TH
Westwood Sixshooters batting - Pitching for Springfield Shooters : RHP Roy Gartner
Batting: RHB Nelson Abbey 0-0: Foul Ball, location: 2F
0-1: Ball
1-1: Called Strike
1-2: Ball
2-2: Ball
3-2: DOUBLE (Flyball, 8LD)
Batting: SHB Jesús Rodríguez 0-0: Ball
1-0: Foul Ball, location: 2F
1-1: Ball
2-1: Ball
3-1: Foul Ball, location: 2F
3-2: Ground out 3-1 (Groundball, 34)
Nelson Abbey to third
Batting: RHB Leo Shoemaker 0-0: Swinging Strike
0-1: Swinging Strike
0-2: Ball
1-2: Foul Ball, location: 2F
1-2: Foul Ball, location: 2F
1-2: Ball
2-2: Ball
3-2: SINGLE (Groundball, 34D)
Nelson Abbey scores
Batting: SHB Ramón García 0-0: Called Strike
0-1: Foul Ball, location: 2F
0-2: Ball
1-2: Ball
2-2: Fly out, F9 (Flyball, 9)
Batting: LHB Orlando López 0-0: Called Strike
Leo Shoemaker steals 2nd base
0-1: Foul Ball, location: 2F
0-2: Ball
1-2: Foul Ball, location: 2F
1-2: Ball
2-2: Ground out U3 (Groundball, 34)
Top of the 5th over - 1 run(s), 2 hit(s), 0 error(s), 1 left on base; Westwood 1 - Springfield 0
BOTTOM OF THE 5TH
Springfield Shooters batting - Pitching for Westwood Sixshooters : RHP José Gutiérrez
Batting: RHB Frank Crocker 0-0: Called Strike
0-1: Ground out 6-3 (Groundball, 6)
Batting: RHB Javier De Jesús 0-0: Ball
1-0: Called Strike
1-1: Ball
2-1: Fly out, F4 (Popup, 4)
Batting: RHB Ty Struck 0-0: Foul Ball, location: 2F
0-1: SOLO HOME RUN (Flyball, 7D), Distance : 375 ft
Batting: LHB John Ennis 0-0: Ball
1-0: Ground out U3 (Groundball, 34S)
Bottom of the 5th over - 1 run(s), 1 hit(s), 0 error(s), 0 left on base; Westwood 1 - Springfield 1
TOP OF THE 6TH
Westwood Sixshooters batting - Pitching for Springfield Shooters : RHP Roy Gartner
Batting: RHB Nick Hoskins 0-0: Ball
1-0: Called Strike
1-1: Ball
2-1: Called Strike
2-2: Ball
3-2: Strikes out looking
Batting: RHB José Carlos Pérez 0-0: Fly out, F1 (Line Drive, 15)
Batting: RHB Jesús Vargas 0-0: Ball
1-0: Ball
2-0: Ball
3-0: Base on Balls
Batting: LHB Jim Schlossnagle 0-0: Called Strike
0-1: Ball
Jesús Vargas steals 2nd base
1-1: Ball
2-1: Foul Ball, location: 2F
2-2: Ground out 5-3 (Groundball, 56)
Top of the 6th over - 0 run(s), 0 hit(s), 0 error(s), 1 left on base; Westwood 1 - Springfield 1
BOTTOM OF THE 6TH
Springfield Shooters batting - Pitching for Westwood Sixshooters : RHP José Gutiérrez
Batting: RHB Tripp Donahue 0-0: Ball
1-0: Ball
2-0: Called Strike
2-1: Foul Ball, location: 2F
2-2: Strikes out swinging
Batting: LHB Gabriel Díaz 0-0: Ball
1-0: Foul Ball, location: 2F
1-1: Ball
2-1: Fly out, F7 (Line Drive, 78M)
Batting: RHB Fernando Rivera 0-0: Called Strike
0-1: Fly out, F6 (Popup, 6D)
Bottom of the 6th over - 0 run(s), 0 hit(s), 0 error(s), 0 left on base; Westwood 1 - Springfield 1
TOP OF THE 7TH
Westwood Sixshooters batting - Pitching for Springfield Shooters : RHP Roy Gartner
Batting: RHB Nelson Abbey 0-0: Ball
1-0: Foul Ball, location: 2F
1-1: Ball
2-1: Ball
3-1: SINGLE (Line Drive, 8LS)
Pitching: LHP Tim Allen
Batting: SHB Jesús Rodríguez 0-0: Ball
1-0: Ball
2-0: Called Strike
2-1: Foul Ball, location: 2F
2-2: Foul Ball, location: 2F
2-2: Ball
3-2: Foul Ball, location: 2F
3-2: Base on Balls
Nelson Abbey to second
Batting: RHB Leo Shoemaker 0-0: Called Strike
0-1: Bunted foul
0-2: 3-RUN HOME RUN (Flyball, 8RXD), Distance : 437 ft
Batting: SHB Ramón García 0-0: Called Strike
0-1: Ground out U3 (Groundball, 34S)
Batting: LHB Orlando López 0-0: Ball
1-0: Swinging Strike
1-1: Called Strike
1-2: Strikes out swinging
Batting: RHB Nick Hoskins 0-0: Called Strike
0-1: Called Strike
0-2: Ball
1-2: Strikes out swinging
Top of the 7th over - 3 run(s), 2 hit(s), 0 error(s), 0 left on base; Westwood 4 - Springfield 1
BOTTOM OF THE 7TH
Springfield Shooters batting - Pitching for Westwood Sixshooters : RHP José Gutiérrez
Batting: LHB José Ruíz 0-0: Ball
1-0: Swinging Strike
1-1: Foul Ball, location: 2F
1-2: Fly out, F8 (Flyball, 8RD)
Batting: RHB Grady Walkinshaw 0-0: Foul Ball, location: 2F
0-1: Ball
1-1: Swinging Strike
1-2: Fly out, F9 (Flyball, 89M)
Batting: RHB Frank Crocker 0-0: Ball
1-0: Ball
2-0: Ball
3-0: Called Strike
3-1: Base on Balls
Pitching: RHP Alfonso Garza
Batting: RHB Javier De Jesús 0-0: Called Strike
0-1: Fielders Choice at 2nd, 5-4 (Groundball, 56)
Bottom of the 7th over - 0 run(s), 0 hit(s), 0 error(s), 0 left on base; Westwood 4 - Springfield 1
TOP OF THE 8TH
Westwood Sixshooters batting - Pitching for Springfield Shooters : LHP Tim Allen
Batting: RHB José Carlos Pérez 0-0: Called Strike
0-1: Foul Ball, location: 2F
0-2: Ground out 5-3 (Groundball, 56)
Batting: RHB Jesús Vargas 0-0: Ball
1-0: Fly out, F7 (Line Drive, 7)
Batting: LHB Jim Schlossnagle 0-0: Ball
1-0: Foul Ball, location: 2F
1-1: Swinging Strike
1-2: Ball
2-2: Foul Ball, location: 2F
2-2: Strikes out looking
Top of the 8th over - 0 run(s), 0 hit(s), 0 error(s), 0 left on base; Westwood 4 - Springfield 1
BOTTOM OF THE 8TH
Springfield Shooters batting - Pitching for Westwood Sixshooters : RHP Alfonso Garza
Now in RF: Edgar González
Batting: RHB Ty Struck 0-0: Foul Ball, location: 2F
0-1: Ball
1-1: Ball
2-1: Ball
3-1: Base on Balls
Batting: LHB John Ennis 0-0: Ball
1-0: Called Strike
1-1: Foul Ball, location: 2F
1-2: Strikes out looking
Batting: RHB Tripp Donahue 0-0: Called Strike
0-1: Ball
1-1: Ball
2-1: Ball
3-1: Called Strike
3-2: Base on Balls
Ty Struck to second
Batting: LHB Gabriel Díaz 0-0: Called Strike
0-1: Foul Ball, location: 2F
0-2: Ball
1-2: Strikes out swinging
Batting: RHB Fernando Rivera 0-0: Called Strike
0-1: 3-RUN HOME RUN (Line Drive, 8LXD), Distance : 444 ft
Batting: LHB José Ruíz 0-0: Called Strike
0-1: Called Strike
0-2: Foul Ball, location: 2F
0-2: Foul Ball, location: 2F
0-2: Foul Ball, location: 2F
0-2: Strikes out swinging
Bottom of the 8th over - 3 run(s), 1 hit(s), 0 error(s), 0 left on base; Westwood 4 - Springfield 4
TOP OF THE 9TH
Westwood Sixshooters batting - Pitching for Springfield Shooters : LHP Tim Allen
Pitching: LHP Jim Unknown
Batting: RHB Nelson Abbey 0-0: Ball
1-0: Ball
2-0: Ball
3-0: Base on Balls
Batting: SHB Jesús Rodríguez 0-0: Foul Ball, location: 2F
0-1: Foul Ball, location: 2F
0-2: Ball
1-2: Ball
2-2: Strikes out looking
Batting: RHB Leo Shoemaker 0-0: Ball
1-0: Foul Ball, location: 2F
1-1: Called Strike
1-2: Grounds into double play, 6-4-3 (Groundball, 56D)
Top of the 9th over - 0 run(s), 0 hit(s), 0 error(s), 0 left on base; Westwood 4 - Springfield 4
BOTTOM OF THE 9TH
Springfield Shooters batting - Pitching for Westwood Sixshooters : RHP Alfonso Garza
Pitching: RHP Fred Wilson
Batting: RHB Grady Walkinshaw 0-0: Ball
1-0: Called Strike
1-1: Foul Ball, location: 2F
1-2: Fly out, F8 (Flyball, 8RD)
Batting: RHB Frank Crocker 0-0: Ball
1-0: Called Strike
1-1: Ball
2-1: Foul Ball, location: 2F
2-2: Ball
3-2: Foul Ball, location: 2F
3-2: Base on Balls
Pinch Hitting: SHB Eugene Bentley 0-0: Called Strike
0-1: Ball
1-1: Ball
2-1: Ball
3-1: Fly out, F7 (Line Drive, 7LM)
Batting: RHB Ty Struck 0-0: Called Strike
0-1: Foul Ball, location: 2F
0-2: Ball
Frank Crocker is caught stealing 2nd base
Bottom of the 9th over - 0 run(s), 0 hit(s), 0 error(s), 0 left on base; Westwood 4 - Springfield 4
TOP OF THE 10TH
Westwood Sixshooters batting - Pitching for Springfield Shooters : LHP Jim Unknown
Now in LF: Eugene Bentley
Pinch Hitting: RHB Richard Hicks 0-0: Ball
1-0: Ball
2-0: Foul Ball, location: 2F
2-1: Swinging Strike
2-2: Strikes out swinging
Pinch Hitting: RHB Winston Sparks 0-0: Foul Ball, location: 2F
0-1: Called Strike
0-2: Ball
1-2: Ball
2-2: Foul Ball, location: 2F
2-2: Ground out 1-3 (Groundball, 15S)
Batting: RHB Nick Hoskins 0-0: Ball
1-0: Foul Ball, location: 2F
1-1: Ball
2-1: Ball
3-1: Ground out 5-3 (Groundball, 56)
Top of the 10th over - 0 run(s), 0 hit(s), 0 error(s), 0 left on base; Westwood 4 - Springfield 4
BOTTOM OF THE 10TH
Springfield Shooters batting - Pitching for Westwood Sixshooters : RHP Fred Wilson
Now at 2B: Winston Sparks
Now at 3B: Mark Bishop
Batting: RHB Ty Struck 0-0: Ball
1-0: Called Strike
1-1: Foul Ball, location: 2F
1-2: Ball
2-2: Strikes out swinging
Batting: LHB John Ennis 0-0: Foul Ball, location: 2F
0-1: Ball
1-1: Ball
2-1: Ball
3-1: Ground out 3-1 (Groundball, 34)
Batting: RHB Tripp Donahue 0-0: Called Strike
0-1: Ball
1-1: Ball
2-1: Called Strike
2-2: Fly out, F7 (Flyball, 7S)
Bottom of the 10th over - 0 run(s), 0 hit(s), 0 error(s), 0 left on base; Westwood 4 - Springfield 4
TOP OF THE 11TH
Westwood Sixshooters batting - Pitching for Springfield Shooters : LHP Jim Unknown
Pitching: RHP Kozue Koga
Batting: RHB José Carlos Pérez 0-0: Ball
1-0: DOUBLE (Flyball, 89M)
Batting: RHB Jesús Vargas 0-0: Intentional Walk
Pinch Hitting: SHB Arnold Smith 0-0: Ball
1-0: Called Strike
1-1: Ball
2-1: SINGLE (Groundball, 6) (infield hit)
José Carlos Pérez to third
Jesús Vargas to second
Batting: RHB Nelson Abbey 0-0: Ball
1-0: Foul Ball, location: 2F
1-1: Ball
2-1: Foul Ball, location: 2F
2-2: Foul Ball, location: 2F
2-2: Ball
3-2: Foul Ball, location: 2F
3-2: Base on Balls
José Carlos Pérez scores
Jesús Vargas to third
Arnold Smith to second
Batting: SHB Jesús Rodríguez 0-0: Ball
1-0: Called Strike
1-1: Ball
2-1: Foul Ball, location: 2F
2-2: Grounds into fielders choice 4-2 (Groundball, 4S)
Arnold Smith to third
Nelson Abbey to second
Batting: RHB Leo Shoemaker 0-0: Fly out, F9 (Flyball, 9S)
Batting: RHB Mark Bishop 0-0: Ball
1-0: Called Strike
1-1: Swinging Strike
1-2: Ground out 4-3 (Groundball, 4S)
Top of the 11th over - 1 run(s), 2 hit(s), 0 error(s), 3 left on base; Westwood 5 - Springfield 4
BOTTOM OF THE 11TH
Springfield Shooters batting - Pitching for Westwood Sixshooters : RHP Fred Wilson
Pitching: LHP Joe Terry
Now in CF: Arnold Smith
Batting: LHB Gabriel Díaz 0-0: Called Strike
0-1: Called Strike
0-2: Foul Ball, location: 2F
0-2: Ball
1-2: Strikes out swinging, 2-3 out at first.
Batting: RHB Fernando Rivera 0-0: Ball
1-0: SINGLE (Groundball, 6MD)
Pinch Runner at 1st Marcos Adame:
Pinch Hitting: RHB Roberto Alonzo 0-0: Ball
1-0: Fly out, F6 (Popup, 6)
Batting: RHB Grady Walkinshaw 0-0: Ball
1-0: Called Strike
1-1: Foul Ball, location: 2F
1-2: Foul Ball, location: 2F
1-2: Ball
2-2: Foul Ball, location: 2F
2-2: Fly out, F8 (Line Drive, 78M)
Bottom of the 11th over - 0 run(s), 1 hit(s), 0 error(s), 1 left on base; Westwood 5 - Springfield 4
Friday, December 30th, 2016 - OOTP Baseball 17.12 Build 75